 Dungeon Crawl Stone Soup version 0.28.0-43-g3370ac3207 (webtiles) character file.

Game seed: 14405495543689092169

6 Arcadio the Skirmisher (level 1, 0/19 HPs)
             Began as a Palentonga Fighter on Mar 24, 2022.
             Slain by a kobold
             ... wielding a +1 dagger of flaming
              (1 damage)
             ... on level 1 of the Dungeon.
             The game lasted 00:00:48 (124 turns).

Arcadio the Skirmisher (Palentonga Fighter)          Turns: 124, Time: 00:00:48

Health: 0/19       AC:  6    Str: 19    XL:     1   Next: 75%
Magic:  1/1        EV:  7    Int:  8    God:
Gold:   9          SH:  4    Dex:  9    Spells: 0/0 levels left

rFire   . . .      SeeInvis +   a - +0 flail
rCold   . . .      Faith    .   c - +0 buckler
rNeg    . . .      Spirit   .   b - +0 scale mail
rPois   .          Reflect  .   (no helmet)
rElec   .          Harm     .   (no cloak)
rCorr   .          Rampage  .   (no gloves)
Will    .....                   (no barding)
Stlth   ..........              (no amulet)
HPRegen 0.06/turn               (no ring)
MPRegen 0.07/turn               (no ring)

@: no status effects
A: large, rugged brown scales 3, see invisible, deformed body, roll 1, armoured
tail
a: Rolling Charge


You were on level 1 of the Dungeon.
You visited 1 branch of the dungeon, and saw 1 of its levels.

You collected 9 gold pieces.

Inventory:

Hand Weapons
 a - a +0 flail (weapon)
Armour
 b - a +0 scale mail (worn)
 c - a +0 buckler (worn)
Potions
 d - a potion of might


   Skills:
 + Level 3.1 Fighting
 + Level 2.1 Maces & Flails
 + Level 2.5 Armour
 + Level 2.5 Shields


You couldn't memorise any spells.
You didn't know any spells.
Your spell library was empty.

Dungeon Overview and Level Annotations

Branches:
Dungeon (1/15)

Altars:


Innate Abilities, Weirdness & Mutations

You are completely covered in rugged brown scales. (AC +3, +7% HP)
You have supernaturally acute eyesight. (SInv)
Armour fits poorly on your strangely shaped body.
You can roll at nearby foes to attack.
You have a long armoured tail.


Message History

The ball python barely misses you.
You barely miss the ball python.
Your tail-slap misses the ball python.
The ball python bites you but does no damage. x2
You hit the ball python.
You kill the ball python!
The giant cockroach closely misses you.
You hit the giant cockroach but do no damage.
The giant cockroach bites you.
You closely miss the giant cockroach.
The giant cockroach bites you but does no damage. x2
You sock the giant cockroach!
You kill the giant cockroach!
You block the kobold's attack.
You closely miss the kobold. You block the kobold's attack.
You barely miss the kobold.
The kobold hits you with a +1 dagger of flaming.
The kobold burns you.
You hit the kobold but do no damage. The kobold closely misses you.
The kobold hits you with a +1 dagger of flaming.
The kobold burns you.
You barely miss the kobold. The kobold closely misses you.
You closely miss the kobold. The kobold barely misses you.
You barely miss the kobold.
The kobold hits you with a +1 dagger of flaming.
The kobold burns you. You block the kobold's attack.
You hit the kobold but do no damage. The kobold barely misses you.
You closely miss the kobold. The kobold hits you but does no damage.
You hit the kobold.
The kobold is moderately wounded.
The kobold hits you but does no damage.
The kobold hits you with a +1 dagger of flaming.
* * * LOW HITPOINT WARNING * * *
The kobold burns you.
* * * LOW HITPOINT WARNING * * *
You barely miss the kobold.
The kobold is moderately wounded.
The kobold hits you with a +1 dagger of flaming.
* * * LOW HITPOINT WARNING * * *
The kobold burns you.
You die...

.....# #.....#
##.###########.....#
#.....>(.......(..#
######
#...#########.....#
##....### #...#
#.....# ##........
##### ###.#### ##....#
#....# #....#.B.K.
########.###...#....$#
#....@K.......#######.
#.########.##.# ####
#.##.# #<># #.##.#
#..# #.##.# ..##.#
#.##.# .....# #....+
###### ### ..


You could see a kobold.

Vanquished Creatures
  2 bats (D:1)
  A giant cockroach (D:1)
  A hobgoblin (D:1)
  A ball python (D:1)
5 creatures vanquished.

Notes
Turn   | Place    | Note
-------+----------+-------------------------------------------
     0 | D:1      | Arcadio the Palentonga Fighter began the quest for the Orb.
     0 | D:1      | Reached XP level 1. HP: 19/19 MP: 1/1
   124 | D:1      | Slain by a kobold

Illustrated notes

Levels and vault maps discovered:
D:1:      dpeg_arrival_tiny_a, layout_loops_ring, minmay_liquid_box,
          minmay_3d_cube

Action                   || total
-------------------------++-------
Melee: Flail             ||    25
Armor: Scale mail        ||    15
Dodge: Dodged            ||    11
Block: Buckler           ||     6
